 Dungeon Sprint DCSS version 0.27.1-33-g824d729ab1 (webtiles) character file.

Game seed: 6868407559255396559

1725 Adenis the Cleaver (level 8, -4/132 HPs)
             Began as a Minotaur Berserker on Dec 4, 2021.
             Was an Elder of Trog.
             Slain by a demonic crawler (7 damage)
             ... in the Dungeon (Sprint I: "Red Sonja").
             The game lasted 00:01:51 (1873 turns).

Adenis the Cleaver (Minotaur Berserker)             Turns: 1873, Time: 00:01:52

Health: -4/132     AC: 12    Str: 23    XL:     8   Next: 75%
Magic:  7/7        EV: 11    Int:  4    God:    Trog [****..]
Gold:   421        SH:  0    Dex: 11    Spells: 7/7 levels left

rFire    . . .     SeeInvis .   a - +0 hand axe
rCold    + . .     Faith    .   (no shield)
rNeg     . . .     Spirit   .   i - +1 chain mail {rC+}
rPois    .         Reflect  .   (helmet restricted)
rElec    .         Harm     .   (no cloak)
rCorr    .         Rampage  .   (no gloves)
Will     .....     NoTele   +   (no boots)
Stlth    ..........             (no amulet)
HPRegen  0.32/turn              (no ring)
MPRegen  0.10/turn              (no ring)

@: berserking (expiring), very quick
A: horns 2, retaliatory headbutt
a: Renounce Religion, Berserk, Trog's Hand, Brothers in Arms


You were in the Dungeon.
You worshipped Trog.
Trog was greatly pleased with you.
You visited 1 branch You collected 421 gold pieces.

Inventory:

Hand Weapons
 a - a +0 hand axe (weapon)
Armour
 b - a +0 animal skin
 i - a +1 chain mail of cold resistance (worn)
Scrolls
 h - a scroll of blinking
Potions
 c - a potion of curing
 d - 2 potions of heal wounds
 e - 2 potions of haste
 f - 2 potions of magic
 g - a potion of berserk rage


   Skills:
 + Level 13.8 Fighting
 + Level 14.4 Axes
 + Level 8.2 Armour
 + Level 8.0 Dodging
 + Level 2.5 Stealth


You had 7 spell levels left.
You didn't know any spells.
Your spell library was empty.

Dungeon Overview and Level Annotations

Branches:
Dungeon (1/1)

Altars:
Cheibriados
Dithmenos
Elyvilon
Fedhas
Gozag
Hepliaklqana
Kikubaaqudgha
Makhleb
Nemelex Xobeh
Okawaru
Qazlal
Ru
Sif Muna
Trog
Uskayaw
Vehumet
Wu Jian
Xom
Yredelemnul
Zin
The Shining One
Jiyva
Lugonu

Shops:
D *


Innate Abilities, Weirdness & Mutations

You have a pair of horns on your head.
You reflexively headbutt those who attack you in melee.


Message History

You kill the demonic crawler!
Trog accepts your kill.
You closely miss the demonic crawler.
Your Axes skill increases to level 14!
Your Armour skill increases to level 7!
You hit the demonic crawler. You headbutt the demonic crawler!
The demonic crawler is almost dead.
You barely miss the demonic crawler. You headbutt the demonic crawler.
The demonic crawler is almost dead.
You slash the demonic crawler! The demonic crawler hits you.
* * * LOW HITPOINT WARNING * * *
The demonic crawler hits you.
* * * LOW HITPOINT WARNING * * *
The demonic crawler completely misses you.
You slash the demonic crawler!
You kill the demonic crawler!
Trog accepts your kill.
You barely miss the demonic crawler.
Your Armour skill increases to level 8!
Your Dodging skill increases to level 8!
Your chain mail prevents you from hitting the demonic crawler.
The demonic crawler is lightly wounded.
The demonic crawler hits you.
* * * LOW HITPOINT WARNING * * *
The demonic crawler hits you.
* * * LOW HITPOINT WARNING * * *
The demonic crawler hits you but does no damage.
You hit the demonic crawler.
You headbutt the demonic crawler, but do no damage.
The demonic crawler is moderately wounded.
You slash the demonic crawler! You barely miss the demonic crawler.
You headbutt the demonic crawler.
The demonic crawler is moderately wounded.
You hit the demonic crawler but do no damage.
The demonic crawler misses you. The demonic crawler closely misses you.
The demonic crawler hits you!
* * * LOW HITPOINT WARNING * * *
The demonic crawler hits you!
* * * LOW HITPOINT WARNING * * *
The demonic crawler hits you!
You die...

##################
.#.)'..#__#..')..#
.'..#..'..'..#).s##+#
'#####'#__####..@s..#
.#...#.#### #####..+
##..##.# ## _##'#_.+
..'..._# _##_.#'#
_###+#.# ## ###


You could see 2 demonic crawlers.

Vanquished Creatures
  2 kobold demonologists (D)
  2 demonic crawlers (D)
  A slime creature (D)
  Sigmund (D)
  A yak (D)
  A floating eye (D)
  An ogre (D)
  A jelly (D)
  Ijyb (D)
11 creatures vanquished.

Vanquished Creatures (others)
  A gargoyle (D)
  3 hornets (D)
4 creatures vanquished.

Grand Total: 15 creatures vanquished

Notes
Turn   | Place    | Note
-------+----------+-------------------------------------------
     0 | D        | Adenis the Minotaur Berserker began the quest for the Orb.
     0 | D        | Reached XP level 1. HP: 19/19 MP: 0/0
     2 | D        | Noticed Ijyb
     8 | D        | Killed Ijyb
     9 | D        | Reached skill level 5 in Fighting
     9 | D        | Reached skill level 5 in Axes
     9 | D        | Reached XP level 2. HP: 19/29 MP: 1/1
   282 | D        | Noticed an ogre
   284 | D        | Killed an ogre
   285 | D        | Reached skill level 7 in Axes
   285 | D        | Reached XP level 3. HP: 40/40 MP: 2/2
   285 | D        | Reached XP level 4. HP: 48/48 MP: 3/3
   441 | D        | Noticed Sigmund
   449 | D        | Killed Sigmund
   449 | D        | Reached ** piety under Trog
   450 | D        | Reached skill level 9 in Axes
   450 | D        | Reached skill level 5 in Armour
   450 | D        | Reached skill level 5 in Dodging
   450 | D        | Reached XP level 5. HP: 58/58 MP: 4/4
   450 | D        | Reached XP level 6. HP: 66/66 MP: 5/5
   609 | D        | Found an ornate altar of the Wu Jian Council.
   609 | D        | Found a shimmering blue altar of Sif Muna.
   611 | D        | Found a radiant altar of Vehumet.
   615 | D        | Reached skill level 10 in Fighting
   615 | D        | Reached skill level 10 in Axes
   626 | D        | Found Xewih's General Store.
   626 | D        | Found an ancient bone altar of Kikubaaqudgha.
   626 | D        | Found a hazy altar of Hepliaklqana.
   626 | D        | Found a stormy altar of Qazlal.
   626 | D        | Found a hide-covered altar of Uskayaw.
   626 | D        | Found a blossoming altar of Fedhas.
   626 | D        | Found a bloodstained altar of Trog.
   626 | D        | Found an iron altar of Okawaru.
   626 | D        | Found a basalt altar of Yredelemnul.
   626 | D        | Found a glowing golden altar of the Shining One.
   626 | D        | Found a snail-covered altar of Cheibriados.
   626 | D        | Found a sacrificial altar of Ru.
   626 | D        | Found a glowing silver altar of Zin.
   626 | D        | Found a shadowy altar of Dithmenos.
   626 | D        | Found a white marble altar of Elyvilon.
   626 | D        | Noticed a yak
   639 | D        | Killed a yak
   640 | D        | Reached skill level 11 in Axes
   640 | D        | Found an opulent altar of Gozag.
   641 | D        | Found a sparkling altar of Nemelex Xobeh.
   723 | D        | Killed a hornet
   737 | D        | Killed a hornet
  1245 | D        | Found a burning altar of Makhleb.
  1245 | D        | Found a viscous altar of Jiyva.
  1245 | D        | Found a shimmering altar of Xom.
  1245 | D        | Found a corrupted altar of Lugonu.
  1245 | D        | Noticed a slime creature
  1261 | D        | Killed a slime creature
  1261 | D        | Reached *** piety under Trog
  1262 | D        | Reached skill level 1 in Stealth
  1262 | D        | Reached XP level 7. HP: 9/75 MP: 6/6
  1501 | D        | Killed a gargoyle
  1589 | D        | Killed a hornet
  1686 | D        | Noticed a kobold demonologist
  1687 | D        | Noticed a ynoxinul
  1687 | D        | Noticed a kobold demonologist
  1690 | D        | Reached skill level 12 in Axes
  1694 | D        | Noticed a chaos spawn
  1696 | D        | Killed a kobold demonologist
  1697 | D        | Reached skill level 13 in Axes
  1697 | D        | Killed a kobold demonologist
  1697 | D        | Reached **** piety under Trog
  1698 | D        | Reached XP level 8. HP: 86/86 MP: 7/7
  1853 | D        | Noticed a demonic crawler
  1853 | D        | Noticed a demonic crawler
  1853 | D        | Noticed a demonic crawler
  1853 | D        | Noticed a demonic crawler
  1867 | D        | Killed a demonic crawler
  1868 | D        | Reached skill level 14 in Axes
  1870 | D        | Killed a demonic crawler
  1873 | D        | HP: 3/132 [demonic crawler (8)]
  1873 | D        | Slain by a demonic crawler

Illustrated notes

Levels and vault maps discovered:
D:        dungeon_sprint_1 [red_sonja_temple_1, red_sonja_temple_small_1]

Skill      XL: |  1  2  3  4  5  6  7  8 |
---------------+-------------------------+-----
Fighting       | 5 7 9 11 13 | 13.8
Axes           | 5 7 9 11 13 14 | 14.4
Armour         | 3 4 5 6 8 |  8.2
Dodging        | 3 4 5 6 7 8 |  8.0
Stealth        | 1 2 |  2.5

Action                   |  1- 3 |  4- 6 |  7- 9 || total
-------------------------+-------+-------+-------++-------
Melee: Hand axe          |     5 |    31 |    28 ||    64
       Headbutt          |     2 |     8 |     6 ||    16
Invok: Berserk           |     2 |     3 |     2 ||     7
Armor: Animal skin       |       |     1 |       ||     1
       Chain mail        |       |       |    16 ||    16
Dodge: Dodged            |     1 |     9 |    21 ||    31
